 Dungeon Crawl Stone Soup version 0.31-a0-596-g831eee08f1 (webtiles) character file.

Game seed: 9297365222750263370

25 mopl the Insei (level 3, -26/23 HPs)
             Began as an Octopode Shapeshifter on Aug 20, 2023.
             Annihilated by an ogre
             ... wielding a +0 giant club
              (37 damage)
             ... on level 2 of the Dungeon.
             The game lasted 00:01:00 (817 turns).

mopl the Insei (Octopode Shapeshifter)               Turns: 817, Time: 00:01:01

Health: -26/23     AC:  1    Str: 14    XL:     3   Next: 4%
Magic:  3/3        EV: 13    Int: 10    God:
Gold:   67         SH:  0    Dex: 14    Spells: 2/2 levels left

rFire   . .          .
                       - Unarmed
rCold   . . .        (no shield)
rNeg    . . .        (helmet currently unavailable)
rPois   .            (no amulet)
rElec   .            (no ring)
rCorr   .            (no ring)
SInv    .            (no ring)
Will    .....        (no ring)
Stlth   ++           (no ring)
HPRegen 0.23/turn    (no ring)
MPRegen 0.08/turn    (no ring)
                     (no ring)

%: no passive effects
@: beast-form
A: beast (slay +2), almost no armour, amphibious, 8 rings, camouflage 1,
gelatinous body 1, (nimble swimmer 1), tentacles
a: Begin Untransformation


You were on level 2 of the Dungeon.
You were a hulking beast.
You visited 1 branch of the dungeon, and saw 2 of its levels.

You collected 67 gold pieces.

Inventory:

Talismans
 b - a beast talisman (active)
Scrolls
 f - a scroll of teleportation {unknown}
Potions
 a - a potion of lignification {!q}
 c - a potion of invisibility {unknown}
 d - a potion of might {unknown}
 e - a potion of haste {unknown}
 g - 3 potions of heal wounds {unknown}


   Skills:
 + Level 1.4 Fighting
 + Level 2.1 Dodging
 * Level 3.4 Unarmed Combat
 * Level 3.3 Shapeshifting


You had 2 spell levels left.
You didn't know any spells.
Your spell library contained the following spells:

 Spells                   Type           Power      Damage    Failure   Level
 Volatile Blastmotes      Fire/Tloc      0%         2d10      75%         3
 Fulminant Prism          Conj/Hex       0%         3d5       98%         4
 Iskenderun's Mystic Bla  Conj/Tloc      0%         2d3       98%         4


Dungeon Overview and Level Annotations

Branches:
Dungeon (2/15)

Altars:


Innate Abilities, Weirdness & Mutations

You are a hulking beast.
Your limbs bulge with bestial killing power. (Slay +2)
You cannot wear most types of armour.
You are amphibious.
You can wear up to eight rings at the same time.
Your skin changes colour to match your surroundings (Stealth+).
Your rubbery body absorbs attacks. (AC +1, EV +1)
((You are camouflaged when in or above water. (Stealth+)))
You have tentacles for arms and can constrict up to eight enemies at once.


Message History

There are monsters nearby!
There are monsters nearby!
You barely miss the goblin. You grab the goblin. You constrict the goblin.
The goblin completely misses you.
You tentacle-slap the goblin.
You kill the goblin!
You have reached level 3!
Your experience leads to an increase in your attributes!
Increase (S)trength, (I)ntelligence, or (D)exterity?
You feel agile. x2
Found a brown potion.
Found an escape hatch in the floor.
You see here a +0 club.
You closely miss the kobold. You grab the kobold.
You squeeze the kobold, but do no damage.
You constrict the kobold. The kobold misses you.
You tentacle-slap the kobold.
You kill the kobold!
No target in view!
No target in view!
There is an escape hatch in the floor here.
g - 3 brown potions (gained 1)
You open the door.
An ogre comes into view. It is wielding a +0 giant club.
Found a stone staircase leading up.
There is an open door here.
The ogre shouts!
You hear an angry hiss.
There is a stone staircase leading up here.
You tentacle-slap the ogre. Your squeeze misses the ogre.
The ogre is lightly wounded.
The ogre hits you with a +0 giant club!
Ouch! That really hurt!
You are too injured to fight recklessly!
You are too injured to fight recklessly!
You bludgeon the ogre! Your squeeze misses the ogre.
The ogre is moderately wounded.
You barely miss the ogre. You squeeze the ogre.
The ogre is heavily wounded.
The ogre hits you with a +0 giant club!!!
Ouch! That really hurt!
You die...

#............#
######.8.>...######
#.......#..#.#
##....8>#..#.###
........#.#.......
........##.#...#####
.......###.'.......#
.......# ###....##.
#+###### #.h..#
#..O.# ####.# .# #


You could see an ogre.

Vanquished Creatures
  A dart slug (D:1)
  3 endoplasms (D:1)
  4 goblins
  5 hobgoblins (D:1)
  2 ball pythons (D:1)
  A bat (D:1)
  2 frilled lizards (D:1)
  A kobold (D:2)
  2 rats (D:1)
21 creatures vanquished.

Notes
Turn   | Place    | Note
-------+----------+-------------------------------------------
     0 | D:1      | mopl the Octopode Shapeshifter began the quest for the Orb.
     0 | D:1      | Reached XP level 1. HP: 13/13 MP: 1/1
    93 | D:1      | Reached XP level 2. HP: 11/18 MP: 2/2
   512 | D:1      | Found a faded altar of an unknown god.
   798 | D:2      | Reached XP level 3. HP: 23/23 MP: 3/3
   811 | D:2      | Noticed an ogre
   817 | D:2      | Annihilated by an ogre

Illustrated notes

Levels and vault maps discovered:
D:1:      roderic_dead_forest, layout_loops_ring,
          hellmonk_ecumenical_altar_leap_of_faith
D:2:      layout_basic, minivault_4, minivault_11, grunt_ministairs_1

Action                     || total
---------------------------++-------
  Melee: Unarmed           ||    37
         Constrict         ||     9
         Tentacles         ||     5
   Stab: Sleeping          ||     5
 Armour: Skin              ||     1
  Dodge: Dodged            ||    11

Table legend: (Time is in decaauts)
 A = Elapsed time spent in this place.
 B = Non-inter-level travel time spent in this place.
 C = Inter-level travel time spent in this place.
 D = Time resting spent in this place.
 E = Time spent auto-exploring this place.
 F = Levels seen in this place.
 G = Mean time per level.
                   A        B        C        D        E       F      G
               +--------+--------+--------+--------+--------+-----+--------+
         Total |    814 |    757 |     57 |     39 |    597 |   2 |  407.0 |
       Dungeon |    814 |    757 |     57 |     39 |    597 |   2 |  407.0 |
               +--------+--------+--------+--------+--------+-----+--------+

Top non-repeatable levels by time:
     D:1: 792 daAuts
     D:2: 22 daAuts
